 Dungeon Crawl Stone Soup version 0.17.1-2-g5865329 (webtiles) character file.

51 ololoev the Covered (level 3, -2/29 HPs)
             Began as a Demonspawn Fighter on Jan 19, 2016.
             Slain by an ogre
             ... wielding a +0 giant club
              (13 damage)
             ... on level 4 of the Dungeon.
             The game lasted 00:01:28 (308 turns).

ololoev the Covered (Demonspawn Fighter)             Turns: 308, Time: 00:01:28

Health: -2/29      AC:  6    Str: 17    XL:     3   Next: 58%
Magic:  3/3        EV:  6    Int:  9    God:
Gold:   30         SH:  8    Dex: 12    Spells: 0 memorised, 2 levels left

rFire  . . .     SeeInvis .     a - +0 war axe
rCold  . . .     Clarity  .     b - +0 scale mail
rNeg   . . .     SustAt   .     c - +0 shield
rPois  .         Gourm    .     (helmet restricted)
rElec  .         Spirit   .     (no cloak)
rCorr  .         Warding  .     (no gloves)
rMut   .         Stasis   .     (no boots)
MR     .....                    (no amulet)
Stlth  ..........               (no ring)
                                (no ring)

@: not resistant to hostile enchantments, extremely unstealthy
A: horns 1
a: no special abilities


Innate Abilities, Weirdness & Mutations

You have a pair of small horns on your head.

Inventory:

Hand Weapons
 a - a +0 war axe (weapon)
Missiles
 i - 13 poisoned needles
Armour
 b - a +0 scale mail (worn)
 c - a +0 shield (worn)
Scrolls
 f - 2 scrolls of identify {unknown}
 j - a scroll of enchant weapon {unknown}
 m - a scroll of immolation {unknown}
Potions
 d - a potion of might
 k - a potion of resistance {unknown}
 l - a potion of brilliance {unknown}
 n - a potion of magic {unknown}
Comestibles
 e - a bread ration
 g - a beef jerky
 h - a chunk of flesh


   Skills:
 - Level 3.0 Fighting
 * Level 3.1 Axes
 + Level 3.2 Armour
 - Level 2.6 Shields


You had 2 spell levels left.
You didn't know any spells.


You were on level 4 of the Dungeon.
You were not hungry.

You visited 1 branch of the dungeon, and saw 5 of its levels.

You collected 30 gold pieces.

### #.... ##. ≈≈##.....
#.. # #≈#...... #.. #.
#≈#...>.. #..
#≈###≈..... #..
#≈≈≈§≈..# #.. #....# #>.
###...####### ##.
##O@.........# ####.
#...............###....
...###.##............###
. .............#####
#######......(# #
#.......# # #.......#
#####....# ...#.#

Notes
Turn   | Place    | Note
--------------------------------------------------------------
     0 | D:1      | ololoev the Demonspawn Fighter began the quest for the Orb.
     0 | D:1      | Reached XP level 1. HP: 18/18 MP: 1/1
   185 | D:2      | Gained mutation: You have a pair of small horns on your head. [demonic ancestry]
   185 | D:2      | Reached XP level 2. HP: 24/24 MP: 2/2
   261 | D:4      | Found a shimmering altar of Xom.
   269 | D:4      | Reached XP level 3. HP: 25/29 MP: 3/3
   279 | D:5      | Entered Level 5 of the Dungeon
   299 | D:4      | Noticed an ogre
   308 | D:4      | Slain by an ogre

Dungeon Overview and Level Annotations

Branches:
Dungeon (5/15)
 Temple: D:4-7

Altars:
Xom


Message History

Your experience leads to an increase in your attributes!
Increase (S)trength, (I)ntelligence, or (D)exterity?
You feel stronger.
You now have 30 gold pieces (gained 9).
There is a stone staircase leading down here.
You climb downwards.
There is a stone staircase leading up here.
You climb upwards.
There is a stone staircase leading down here.
Found a fuming purple potion.
Found 17 stones and 14 gold pieces.
Found a rapier.
n - a fuming purple potion An orc comes into view.
It is wielding a dagger.
The orc shouts!
An ogre comes into view. It is wielding a giant club.
Found a scroll labeled MAGICIOVUP.
Found a stone staircase leading down.
You hit the orc. You headbutt the orc.
You kill the orc!
You slash the ogre!
The ogre is heavily wounded.
The ogre hits you with a giant club!
Ouch! That really hurt!
You closely miss the ogre.
The ogre is heavily wounded.
The ogre hits you with a giant club.
You barely miss the ogre.
The ogre is heavily wounded.
The ogre barely misses you.
Your shield and scale mail prevent you from hitting the ogre.
Your headbutt misses the ogre.
The ogre is heavily wounded.
You block the ogre's attack.
You completely miss the ogre.
The ogre is heavily wounded.
The ogre hits you with a giant club.
You hit the ogre.
The ogre is severely wounded.
The ogre hits you with a giant club!
You die...

You could see an ogre.

Vanquished Creatures
  A giant frog skeleton (D:4)
  An adder (D:2)
  A giant gecko (D:1)
  An orc (D:4)
  A bat (D:1)
  A giant cockroach (D:2)
  4 goblins
  2 rats
12 creatures vanquished.

Action                   || total
-------------------------++-------
Melee: War axe           ||    39

Vault maps used:
D:1:      dpeg_arrival_round_b
D:2:      ecumenical_altar_2
D:3:      lemuel_crystal_altar, first_bread, uniq_terence
D:4:      xom_teletrap_fun, lemuel_temple_firewalk_marked, serial_shops, shop,
          shop, shop, kennysheep_mini_moat
D:5:      uniq_grinder
